 Dungeon Crawl Stone Soup version 0.23.0-38-g208d714 (webtiles) character file.

Game seed: 13287146253389635282

130 wolfsongas the Skirmisher (level 4, -14/40 HPs)
             Began as a Demonspawn Fighter on Feb 28, 2019.
             Was an Initiate of Okawaru.
             Killed from afar by Ijyb (16 damage)
             ... with a wand of acid (4)
             ... on level 3 of the Dungeon.
             The game lasted 00:03:38 (2458 turns).

wolfsongas the Skirmisher (Demonspawn Fighter)      Turns: 2458, Time: 00:03:39

Health: -14/40     AC:  2    Str: 17    XL:     4   Next: 90%
Magic:  4/4        EV: 11    Int: 10    God:    Okawaru [......]
Gold:   109        SH: 10    Dex: 17    Spells: 3/3 levels left

rFire    . . .     SeeInvis .   a - +1 war axe
rCold    + + .     Gourm    .   c - +1 shield
rNeg     . . .     Faith    .   b - +0 scale mail
rPois    .         Spirit   .   (no helmet)
rElec    .         Reflect  .   i - scarf {cloud immunity}
rCorr    .         Harm     .   (no gloves)
MR       .....                  (no boots)
Stlth    ++........             (no amulet)
HPRegen  0.13/turn              h - ring of protection from cold
MPRegen  0.09/turn              (no ring)

@: agile, corroded, flying
A: claws 1, cold resistance 1, nightstalker 1
a: Renounce Religion


You were on level 3 of the Dungeon.
You worshipped Okawaru.
Okawaru was noncommittal.
You were not hungry.

You visited 1 branch of the dungeon, and saw 4 of its levels.

You collected 109 gold pieces.

Inventory:

Hand Weapons
 a - a +1 war axe (weapon)
Armour
 b - a +0 scale mail (worn)
 c - a +1 shield (worn)
 i - a scarf of cloud immunity (worn)
Jewellery
 h - a ring of protection from cold (left claw)
Scrolls
 n - 3 scrolls of remove curse
 o - 2 scrolls of teleportation
 p - a scroll of enchant weapon
Potions
 d - a potion of might
 q - a potion of degeneration {unknown}
 r - a potion of haste {unknown}
Comestibles
 f - 7 rations


   Skills:
 * Level 5.6 Fighting
 + Level 1.7 Axes
 + Level 2.7 Armour
 - Level 2.6 Shields


You had 3 spell levels left.
You didn't know any spells.
Your spell library was empty.

Dungeon Overview and Level Annotations

Branches:
Dungeon (4/15)
 Temple: D:4-7

Altars:
Dithmenos
Elyvilon
Okawaru
Ru

Annotations:
D:3 Ijyb


Innate Abilities, Weirdness & Mutations

You have sharp fingernails.
Your flesh is cold resistant. (rC+)
You are slightly more attuned to the shadows.


Message History

You hit Ijyb but do no damage.
Ijyb is lightly wounded.
Ijyb zaps a wand.
The bolt of acid misses you. Ijyb hits you but does no damage.
You hit Ijyb.
Ijyb is lightly wounded.
You block Ijyb's attack.
You slash Ijyb!
Ijyb is heavily wounded.
Ijyb hits you but does no damage.
You hit Ijyb but do no damage.
Ijyb is heavily wounded.
You block Ijyb's attack.
Ijyb zaps a wand.
The bolt of acid hits you!!
Ouch! That really hurt!
The acid corrodes you!
You are splashed with acid!
* * * LOW HITPOINT WARNING * * *
You hit Ijyb but do no damage.
Ijyb is heavily wounded.
Ijyb zaps a wand.
The bolt of acid hits you!
You die...

#.....#
#.....#
#+##.....##+##
#............#
#............#
##########...#
#.......#...#
+.......g...#
#.....)@'...#
#############


You could see Ijyb.

Vanquished Creatures
  An orc priest (D:4)
  3 adders
  An ooze (D:3)
  A dart slug (D:1)
  A leopard gecko (D:2)
  5 orcs (D:3)
  A ball python (D:3)
  10 goblins
  7 hobgoblins
  4 jackals (D:3)
  9 kobolds
  4 bats
  5 frilled lizards
  13 rats
65 creatures vanquished.

Notes
Turn   | Place    | Note
-------+----------+-------------------------------------------
     0 | D:1      | wolfsongas the Demonspawn Fighter began the quest for the
                  | Orb.
     0 | D:1      | Reached XP level 1. HP: 18/18 MP: 1/1
   177 | D:1      | Gained mutation: You have sharp fingernails. [demonic
                  | ancestry]
   177 | D:1      | Reached XP level 2. HP: 22/24 MP: 2/2
   903 | D:2      | Reached skill level 4 in Fighting
   903 | D:2      | Gained mutation: You are slightly more attuned to the
                  | shadows. [demonic ancestry]
   903 | D:2      | Reached XP level 3. HP: 26/30 MP: 3/3
  1169 | D:2      | Found an iron altar of Okawaru.
  1230 | D:2      | Became a worshipper of Warmaster Okawaru
  1316 | D:2      | Found a shadowy altar of Dithmenos.
  1323 | D:2      | Found a sacrificial altar of Ru.
  1328 | D:2      | Found a white marble altar of Elyvilon.
  1707 | D:3      | Gained mutation: Your flesh is cold resistant. (rC+)
                  | [demonic ancestry]
  1707 | D:3      | Reached XP level 4. HP: 10/38 MP: 4/4
  1712 | D:4      | Reached skill level 5 in Fighting
  2429 | D:3      | Noticed Ijyb
  2447 | D:3      | HP: 1/40 [acid (11)]
  2457 | D:3      | HP: 2/40 [acid (11)]
  2458 | D:3      | Killed from afar by Ijyb

Skill      XL: |  1  2  3  4 |
---------------+-------------+-----
Fighting       | 4 5 |  5.6
Axes           | |  1.7
Armour         | |  2.7
Shields        | |  2.6

Action                   |  1- 3 |  4- 6 || total
-------------------------+-------+-------++-------
Melee: War axe           |    98 |    85 ||   183
  Use: Scroll            |     6 |     1 ||     7
       Potion            |     1 |     6 ||     7
 Stab: Invisible         |     2 |     1 ||     3
  Eat: Ration            |     1 |     1 ||     2
Armor: Scale mail        |    56 |    38 ||    94
Dodge: Dodged            |    29 |    31 ||    60
Block: Shield            |    64 |    51 ||   115
